 Dungeon Crawl Stone Soup version 0.30.0-5-g1a98f26d00 (webtiles) character file.

Game seed: 10075995643605019507

74 SnakkuSnakku7 the Trooper (level 4, 0/40 HPs)
             Began as an Armataur Warper on May 8, 2023.
             Splashed by a jelly's acid (8 damage)
             ... on level 4 of the Dungeon.
             The game lasted 00:02:08 (2229 turns).

SnakkuSnakku7 the Trooper (Armataur Warper)         Turns: 2229, Time: 00:02:10

Health: 0/40       AC:  0    Str: 19    XL:     4   Next: 10%
Magic:  6/6        EV:  9    Int: 13    God:
Gold:   159        SH:  0    Dex:  9    Spells: 6/6 levels left

rFire   . . .        a - +0 hand axe
rCold   . . .        (no shield)
rNeg    . . .        q - +0 troll leather armour
rPois   .            (no helmet)
rElec   .            m - +1 cloak
rCorr   .            (no gloves)
SInv    .            (no barding)
Will    .....        (no amulet)
Stlth   +            (no ring)
HPRegen 1.06/turn    (no ring)
MPRegen 0.10/turn

%: roll
@: corroded
A: large, rugged brown scales 3, deformed body, armoured tail, roll, long
tongue, awkward tongue
a: no special abilities


You were on level 4 of the Dungeon.
You visited 1 branch of the dungeon, and saw 4 of its levels.

You collected 159 gold pieces.

Inventory:

Hand Weapons
 a - a +0 hand axe (weapon)
Missiles
 d - 5 boomerangs of dispersal (quivered)
 e - 9 poisoned darts
Armour
 b - a +0 leather armour
 m - a +1 cloak (worn)
 q - a +0 troll leather armour (worn)
Scrolls
 c - a scroll of blinking
 g - 3 scrolls of identify {unknown}
 i - 2 scrolls of noise {unknown}
 o - a scroll of vulnerability {unknown}
 r - a scroll of teleportation {unknown}
 s - a scroll of amnesia {unknown}
 t - a scroll of enchant weapon {unknown}
 u - a scroll of torment {unknown}
Potions
 f - a potion of magic {unknown}
 h - 2 potions of berserk rage {unknown}
 j - a potion of might {unknown}
 k - 2 potions of brilliance {unknown}
 l - 3 potions of curing {unknown}
 n - 2 potions of heal wounds {unknown}
 p - a potion of lignification {unknown}


   Skills:
 + Level 3.1 Fighting
 + Level 2.8 Axes
 - Level 0.8 Throwing
 - Level 1.2 Armour
 - Level 1.3 Dodging
 - Level 1.7 Spellcasting
 - Level 3.0 Translocations


You had 6 spell levels left.
You didn't know any spells.
Your spell library contained the following spells:

 Spells                   Type           Power      Damage    Failure   Level
 Blink                    Tloc           16%        N/A       14%         2
 Lesser Beckoning         Tloc           16%        N/A       14%         2
 Teleport Other           Tloc           8%         N/A       26%         3
 Vhi's Electric Charge    Tloc/Air       10%        N/A       45%         3
 Manifold Assault         Tloc           8%         N/A       65%         4


Dungeon Overview and Level Annotations

Branches:
Dungeon (4/15)
 Temple: D:4-7

Altars:


Innate Abilities, Weirdness & Mutations

You are completely covered in rugged brown scales. (AC +3, +7% HP)
Armour fits poorly on your strangely shaped body.
You have a long armoured tail.
You roll when moving toward enemies. (Rampage)
Your long tongue fully drains potion bottles. (2x potion effects)
Your tongue gives you trouble enunciating. (1.5x scroll delay)


Message History

A white imp comes into view.
The white imp shouts!
The white imp gestures at you. The puff of frost hits you.
A white imp is nearby!
There is a large open door here.
You roll towards the white imp!
You completely miss the white imp.
The white imp hits you but does no damage.
You hit the white imp.
The white imp is heavily wounded.
The white imp hits you. The white imp freezes you.
You slash the white imp!
You kill the white imp!
HP restored.
A jelly comes into view.
The jelly quivers.
A jelly is nearby!
A jelly is nearby!
You roll towards the jelly!
You roll towards the jelly!
A goblin comes into view. It is wielding a +0 club.
The goblin shouts!
The jelly hits you but does no damage.
The goblin moves out of view.
You hit the jelly.
Your hands burn!
The jelly is lightly wounded.
The jelly hits you. The acid corrodes you!
You are splashed with acid!
You hit the jelly.
Your hands burn!
The jelly is moderately wounded.
The jelly completely misses you.
You hit the jelly. The acid corrodes you!
Your hands burn!
Your tail-slap misses the jelly.
The jelly is severely wounded.
The jelly barely misses you. The jelly hits you.
You are splashed with acid!
You hit the jelly but do no damage.
Your hands burn!
* * * LOW HITPOINT WARNING * * *
The jelly is severely wounded.
The jelly hits you.
* * * LOW HITPOINT WARNING * * *
You are splashed with acid!
You die...

#....# #....#
####....# .......# #
#.....# #. ..... .
###.#####.#######....
.............@Jg.....
.
###.....####.#######.
.########..# #.#
.......###.# #..
...........# #...
.......#...# ##.#.
.......#...# .##.
.......#...# .. .#
.......#...#


You could see a jelly and a goblin.

Vanquished Creatures
  An adder (D:2)
  A white imp (D:4)
  A worm (D:2)
  3 dart slugs
  2 ball pythons
  7 endoplasms
  2 giant cockroaches
  4 goblins
  5 hobgoblins
  7 jackals
  A kobold (D:3)
  3 quokkas
  2 bats
  A frilled lizard (D:2)
  3 rats
43 creatures vanquished.

Notes
Turn   | Place    | Note
-------+----------+-------------------------------------------
     0 | D:1      | SnakkuSnakku7 the Armataur Warper began the quest for the
                  | Orb.
     0 | D:1      | Reached XP level 1. HP: 18/18 MP: 3/3
   100 | D:1      | Reached XP level 2. HP: 17/25 MP: 4/4
   834 | D:2      | Reached XP level 3. HP: 13/32 MP: 5/5
  2188 | D:4      | Reached XP level 4. HP: 40/40 MP: 6/6
  2229 | D:4      | Splashed by a jelly's acid

Illustrated notes

Levels and vault maps discovered:
D:1:      lightli_arrival_isolated_outpost, layout_loops_ring, serial_forest,
          infiniplex_forest_end_2, infiniplex_forest_lined_ring,
          infiniplex_forest_lined_corner, infiniplex_forest_lined_3,
          nrook_campfire, minmay_crystal_room
D:2:      layout_basic
D:3:      layout_loops_ring
D:4:      layout_basic, minmay_pentangle

Skill      XL: |  1  2  3 |
---------------+----------+-----
Fighting       | 2 3 |  3.1
Axes           | 2 |  2.8
Throwing       | |  0.8
Armour         | |  1.2
Dodging        | |  1.3
Spellcasting   | |  1.7
Translocations | |  3.0

Action                     |  1- 3 |  4- 6 || total
---------------------------+-------+-------++-------
  Melee: Hand axe          |   142 |     7 ||   149
         Tailslap          |    15 |       ||    15
  Throw: Dart              |     2 |       ||     2
         Boomerang         |     2 |       ||     2
 Armour: Leather armour    |    52 |       ||    52
         Troll leather arm |    11 |     2 ||    13
  Dodge: Dodged            |    63 |     2 ||    65
